 Dungeon Crawl Stone Soup version 0.17-a0-1850-g688e747 (webtiles) character file.

180097 derrpe the Destroyer (level 18, -5/179 HPs)
             Began as an Ogre Wizard on Sept 18, 2015.
             Was a High Priest of Vehumet.
             Killed from afar by a starcursed mass (10 damage)
             ... with an accursed screaming
             ... on level 1 of the Abyss.
             The game lasted 03:59:29 (61322 turns).

derrpe the Destroyer (Ogre Wizard)                 Turns: 61322, Time: 03:59:30

Health: -5/179     AC:  7    Str: 15    XL:     18   Next: 26%
Magic:  18/33      EV: 10    Int: 26    God:    Vehumet [*****.]
Gold:   1540       SH: 12    Dex:  6    Spells: 13 memorised, 2 levels left

rFire  + . .     SeeInvis .     a - +9 whip (elec)
rCold  + + +     Clarity  .     X - +2 troll leather armour {Snorg}
rNeg   . . .     SustAt   .     h - +2 shield {rC+}
rPois  +         Gourm    .     G - +0 hat
rElec  +         Spirit   .     q - +1 cloak
rCorr  +         Warding  .     (gloves unavailable)
rMut   +         Rnd*Tele +     (boots unavailable)
MR     ++...                    A - amulet of resist mutation
Stlth  +.........               I - ring of wizardry
                                c - ring "Hebochess" {*Contam +Fly rElec rC+ Slay+2}

@: brilliant, resistant, very slightly contaminated, non-regenerating, diseased,
repel missiles, very resistant to hostile enchantments, very unstealthy
A: unfitting armour, clumsy 1, deformed body, deterioration 1, dopey 1, magic
resistance 1, strong 1, teleportitis 1, tough skin 1, weak 2, subdued magic 1
a: Renounce Religion, Evoke Flight


You were on level 1 of the Abyss.
You worshipped Vehumet.
Vehumet was extremely pleased with you.
You were not hungry.

You visited 7 branches of the dungeon, and saw 31 of its levels.
You visited the Abyss 1 time.
You also visited: Ossuary.

You collected 3172 gold pieces.
You spent 1590 gold pieces at shops.

Inventory:

Hand weapons
 a - a +9 whip of electrocution (weapon)
 F - the +8 rapier of Disgust {pierce, Int+7}
   (You found it on level 9 of the Dungeon)

   It inflicts extra damage upon your enemies.
   It affects your intelligence (+7).
Missiles
 i - 36 javelins
 j - 4 throwing nets
 S - 7 large rocks (quivered)
Armour
 h - a +2 shield of cold resistance (worn)
 q - a +1 cloak (worn)
 G - a +0 hat (worn)
 X - a +2 troll leather armour (worn) {Snorg}
Magical staves
 b - an uncursed staff of energy
 B - an uncursed staff of poison
Jewellery
 c - the ring "Hebochess" (left hand) {*Contam +Fly rElec rC+ Slay+2}
   (You bought it in a shop on level 4 of the Orcish Mines)

   [ring of flight]

   It affects your accuracy and damage with ranged weapons and melee attacks
   (+2).
   It protects you from cold.
   It insulates you from electricity.
   It lets you fly.
   It causes magical contamination when unequipped.
 r - an uncursed amulet of regeneration
 y - an uncursed amulet of the gourmand
 A - an amulet of resist mutation (around neck)
 E - an uncursed ring of poison resistance
 I - a ring of wizardry (right hand)
 Q - the amulet of Psychosis {Ward rElec rN+ Dex+3}
   (You took it off a deep elf fighter on level 1 of the Elven Halls)

   [amulet of warding]

   It may prevent the melee attacks of summoned creatures.
   It affects your dexterity (+3).
   It insulates you from electricity.
   It protects you from negative energy.
 R - the ring "Fiweoh" {rN+ Slay+3}
   (You found it on level 3 of the Lair of Beasts)

   [ring of slaying]

   It affects your accuracy and damage with ranged weapons and melee attacks
   (+3).
   It protects you from negative energy.
Magical devices
 e - a wand of fire (2)
 z - a wand of heal wounds (2)
 D - a wand of disintegration (11)
 L - a wand of digging (22)
 V - a wand of cold (7)
Scrolls
 k - 4 scrolls of identify
 n - 13 scrolls of remove curse
 K - 2 scrolls of fog
 O - 2 scrolls of magic mapping
 T - 2 scrolls of amnesia
 U - a scroll of recharging
 Y - a scroll of enchant armour
Potions
 g - 3 potions of magic
 s - 3 potions of curing
 t - 2 potions of ambrosia
 u - 5 potions of cancellation
 w - 3 potions of haste
 x - a potion of flight
Books
 f - a book of Transfigurations

   Spells                             Type                      Level
   a - Stoneskin                      Transmutation/Earth          2
   b - Irradiate                      Conjuration/Transmutation    5
   c - Statue Form                    Transmutation/Earth          6
   d - Hydra Form                     Transmutation                6
   e - Dragon Form                    Transmutation                7
 H - a book of the Sky

   Spells                             Type                      Level
   a - Summon Lightning Spire         Summoning/Air                4
   b - Airstrike                      Air                          4
   c - Silence                        Hexes/Air                    5
   d - Deflect Missiles               Charms/Air                   6
   e - Conjure Ball Lightning         Conjuration/Air              6
   f - Tornado                        Air                          9
 P - a book of Clouds

   Spells                             Type                      Level
   a - Mephitic Cloud                 Conjuration/Poison/Air       3
   b - Conjure Flame                  Conjuration/Fire             3
   c - Poisonous Cloud                Conjuration/Poison/Air       6
   d - Freezing Cloud                 Conjuration/Ice/Air          6
   e - Ring of Flames                 Charms/Fire                  7
Miscellaneous
 N - an ornate deck of changes {drawn: 3}
Comestibles
 d - 21 bread rations
 v - 4 meat rations
 J - 10 fruits


   Skills:
 - Level 11.3 Fighting
 - Level 11.1 Maces & Flails
 - Level 3.0 Armour
 - Level 6.4 Dodging
 - Level 1.5 Stealth
 - Level 9.5 Shields
 - Level 11.3 Spellcasting
 + Level 12.8 Conjurations
 - Level 4.0 Summonings
 - Level 3.1 Translocations
 - Level 4.1 Transmutations
 - Level 10.2 Fire Magic
 - Level 8.0 Air Magic
 - Level 3.0 Poison Magic


You had 2 spell levels left.
You knew the following spells:

 Your Spells              Type           Power        Failure   Level  Hunger
a - Magic Dart            Conj           ####         0%          1    None
b - Blink                 Tloc           N/A          1%          2    None
c - Repel Missiles        Chrm/Air       ####..       1%          2    None
d - Mephitic Cloud        Conj/Pois/Air  #####...     1%          3    None
e - Delayed Fireball      Conj/Fire      N/A          3%          7    ######.
f - Airstrike             Air            #####.....   1%          4    None
g - Fireball              Conj/Fire      ######....   1%          5    ###....
h - Summon Lightning Spi  Summ/Air       #####...     1%          4    None
i - Poison Arrow          Conj/Pois      #####.....   2%          6    #####..
j - Stoneskin             Trmt/Erth      ####....     1%          2    None
k - Sublimation of Blood  Necr           ###.......   1%          2    None
l - Regeneration          Chrm/Necr      ###.......   1%          3    None
m - Summon Butterflies    Summ           ####....     1%          1    None


Dungeon Overview and Level Annotations

Branches:
Dungeon (9/15)             Temple (1/1) D:5            Lair (8/8) D:9
 Shoals (4/4) Lair:6        Snake (4/4) Lair:5        Slime (0/6) Lair:8
    Orc (4/4) D:9             Elf (1/3) Orc:3

Altars:
Ashenzari
Cheibriados
Dithmenos
Elyvilon
Fedhas
Gozag
Kikubaaqudgha
Makhleb
Nemelex Xobeh
Okawaru
Qazlal
Ru
Sif Muna
Trog
Vehumet
Xom
Yredelemnul
Zin
The Shining One
Beogh
Jiyva

Shops:
D:5 *   Orc:3 %   Orc:4 %([==   Elf:1 %   Shoals:1 %   Snake:2 }

Annotations:
D:8 Maurice
Lair:7 exclusion: oklob plant
Shoals:4 Mara
Snake:3 Norris
Snake:4 exclusion: 3 doors
Abyss:1 Edmund


Innate Abilities, Weirdness & Mutations

You are too large for most types of armour.
You have tough skin (AC +1).
You are resistant to hostile enchantments.
Your muscles are strong. (Str +2)
[You are clumsy. (Dex -2)]
[Armour fits poorly on your strangely shaped body.]
[Your body sometimes deteriorates upon taking damage.]
[You are dopey. (Int -2)]
[You are occasionally teleported to nearby monsters.]
[You are very weak. (Str -4)]
[Your spells are a little easier to cast, but a little less powerful.]


Message History

The small abomination hits you but does no damage.
The starcursed mass engulfs your wretched star!
The large abomination hits your white imp!!
Your white imp dies!
You block the ancient zyme's attack. The ancient zyme hits you!
* * * LOW HITPOINT WARNING * * *
Unknown command.
You barely miss the ancient zyme.
The ancient zyme is lightly damaged.
The raiju bursts into living lightning!
The living lightning hits your wretched star.
Your wretched star completely resists.
The living lightning hits you! You resist.
* * * LOW HITPOINT WARNING * * *
The living lightning is repelled.
The living lightning hits your wretched star.
Your wretched star resists.
The raiju blinks!
The small abomination misses you. A chorus of shrieks assaults your mind.
You die...

./ # ...## .
...#.#.#.## .#.
.#......# ...
.....#.# . ..
..##..#...#§#..#
#...hN......#.
#..§#X..#.#.##
#x*xNS.# .. .##
#x@XX###.#X# .
###*X#..#.#...#
##.X....#.X.#
##§...[#...#
###.5..#.#### ..
...... # ## .X
#.§ #.#...X..
##.# #.#


You could see 4 starcursed masses, a wretched star, an ancient zyme, a large
abomination, a guardian serpent, a naga mage, a raiju, a naga, a small
abomination, an iron imp, a friendly wretched star and a friendly ancient zyme.

Vanquished Creatures
  Agnes (Snake:1)
  A tentacled starspawn (Abyss:1)
  A deep elf demonologist (Elf:1)
  A deep elf annihilator (Elf:1)
  3 merfolk javelineers
  A merfolk impaler (Shoals:4)
  An ettin (shapeshifter) (Elf:1)
  5 hydras
  4 naga warriors
  3 alligator snapping turtles
  4 anacondas
  4 merfolk avatars
  8 death yaks
  3 satyrs
  4 dancing weapons (Elf:1)
  5 orc high priests
  7 merfolk aquamancers
  3 shock serpents
  A thrashing horror (Abyss:1)
  3 naga sharpshooters
  A wretched star (Abyss:1)
  4 deep elf knights (Elf:1)
  13 sea snakes
  A salamander mystic (Snake:4)
  2 naga ritualists
  4 deep elf summoners (Elf:1)
  4 starcursed masses (Abyss:1)
  6 orc knights
  4 orc sorcerers
  An oklob plant (Lair:3)
  6 deep elf conjurers (Elf:1)
  2 shadow demons (Elf:1)
  2 wolf spiders
  5 water nymphs
  A hornet (Lair:8)
  A hill giant (D:7)
  9 manticores
  6 griffons
  3 harpies
  31 black mambas
  3 mana vipers
  4 salamanders
  10 fauns
  A worldbinder (Abyss:1)
  A cyclops (Shoals:2)
  4 elephants
  9 sirens
  2 guardian serpents
  19 spiny frogs
  A torpor snail (Lair:3)
  4 naga magi
  11 komodo dragons
  3 fire drakes
  2 kobold demonologists (Elf:1)
  A large abomination (Abyss:1)
  17 merfolk
  4 wind drakes
  A polar bear (Lair:7)
  6 deep elf priests (Elf:1)
  Grinder (D:5)
  19 blink frogs
  12 snapping turtles
  A two-headed ogre (Orc:4)
  30 yaks
  A slime creature (Lair:2)
  9 water elementals
  3 wyverns
  14 deep elf fighters (Elf:1)
  A spriggan (D:7)
  4 basilisks
  10 deep elf magi (Elf:1)
  4 small abominations (Abyss:1)
  12 hippogriffs
  11 nagas
  A hungry ghost (D:8)
  A chaos spawn (Abyss:1)
  A steam dragon (Lair:4)
  4 wargs
  19 water moccasins
  5 wolves
  A neqoxec (Abyss:1)
  19 porcupines
  An ice beast (D:9)
  An eye of draining (Abyss:1)
  3 black bears
  A wasp (Lair:8)
  5 spiders
  15 ogres
  22 orc warriors
  3 centaurs
  2 boggarts (Elf:1)
  11 crocodiles
  A brain worm (Lair:7)
  16 giant frogs
  5 big kobolds
  4 killer bees (D:9)
  2 scorpions
  5 electric eels
  2 crimson imps (D:8)
  5 hounds
  24 orc wizards
  2 centaur zombies (D:9)
  10 jellies
  A quasit (Abyss:1)
  18 orc priests
  12 iguanas
  3 giant frog skeletons
  10 worker ants
  A big kobold zombie (Ossuary)
  A sheep (Shoals:2)
  A hound skeleton (D:7)
  9 mummies
  5 gnolls (D:6)
  13 adders
  A worker ant zombie (D:4)
  49 river rats
  A white imp (Abyss:1)
  3 shadow imps
  16 oozes
  An adder skeleton (D:4)
  133 orcs
  2 ball pythons
  7 giant cockroaches
  3 gnoll zombies (Ossuary)
  5 goblins
  4 hobgoblins
  30 kobolds
  4 quokkas
  9 bats
  6 giant geckos
  2 giant gecko skeletons (D:8)
  3 giant gecko zombies
  5 giant newts
  A hobgoblin zombie (Ossuary)
  16 jackals
  A jackal skeleton (D:6)
  A kobold zombie (Ossuary)
  2 orc zombies (Ossuary)
  10 rats
  A fungus (Lair:6)
985 creatures vanquished.

Vanquished Creatures (collateral kills)
  Snorg (Lair:3)
  A hydra (Lair:7)
  A naga warrior (Snake:2)
  An alligator snapping turtle (Shoals:3)
  2 satyrs (Shoals:2)
  2 death yaks (Lair:7)
  A salamander mystic (Lair:5)
  A naga ritualist (Snake:4)
  2 mana vipers
  A sea snake (Shoals:3)
  3 orc knights (Orc:4)
  A lindwurm (Lair:8)
  2 griffons
  An orc sorcerer (Orc:2)
  A manticore (Shoals:3)
  11 black mambas
  2 sirens
  7 elephants
  3 spiny frogs
  A komodo dragon (Lair:6)
  2 naga magi
  2 trolls (Orc:3)
  2 merfolk
  A snapping turtle (Shoals:2)
  12 blink frogs
  A starcursed mass (Abyss:1)
  A water elemental (Shoals:3)
  A basilisk (Lair:8)
  A wyvern (Lair:3)
  5 yaks
  2 hippogriffs
  5 water moccasins
  11 nagas
  2 wolves
  8 orc warriors
  A porcupine (Lair:7)
  A wasp (Lair:7)
  6 crocodiles
  2 ogres
  4 giant frogs
  8 orc priests
  A jelly (Lair:8)
  6 orc wizards
  A hound (Lair:8)
  A worker ant (Lair:8)
  3 sheep (Shoals:2)
  11 river rats
  4 adders (Lair:8)
  75 orcs
  3 jackals (Lair:8)
  2 fungi
230 creatures vanquished.

Vanquished Creatures (others)
  A griffon (Lair:2)
  A spiny frog (Lair:5)
  A komodo dragon (Lair:3)
  4 yaks (Lair:2)
  A killer bee (Lair:1)
  A giant frog zombie (D:9)
  A gnoll shaman (D:6)
  An orc priest (Orc:4)
  A bush (Lair:1)
  17 fungi
  13 plants
  4 starspawn tentacles (Abyss:1)
  4 starspawn tentacle segments (Abyss:1)
50 creatures vanquished.

Grand Total: 1265 creatures vanquished

Notes
Turn   | Place    | Note
--------------------------------------------------------------
     0 | D:1      | derrpe the Ogre Wizard began the quest for the Orb.
     0 | D:1      | Reached XP level 1. HP: 16/16 MP: 5/5
    35 | D:1      | Reached skill level 1 in Conjurations
   198 | D:1      | Reached XP level 2. HP: 24/24 MP: 3/6
  1111 | D:2      | Reached XP level 3. HP: 31/31 MP: 5/8
  1776 | D:2      | Reached XP level 4. HP: 36/39 MP: 0/9
  2042 | D:2      | Found a sparkling altar of Nemelex Xobeh.
  2045 | D:2      | Found a sacrificial altar of Ru.
  2048 | D:2      | Found a basalt altar of Yredelemnul.
  2288 | D:2      | Learned a level 2 spell: Blink
  2291 | D:2      | Learned a level 2 spell: Repel Missiles
  2295 | D:2      | Learned a level 3 spell: Mephitic Cloud
  3346 | D:3      | Found an ancient bone altar of Kikubaaqudgha.
  3351 | D:3      | Found a blossoming altar of Fedhas.
  3557 | D:4      | Noticed Edmund
  3586 | D:4      | Reached XP level 5. HP: 40/45 MP: 10/10
  3590 | D:4      | Found a sand-covered staircase.
  3631 | Ossuary  | Entered an ossuary
  3855 | Ossuary  | Reached skill level 4 in Conjurations
  4162 | Ossuary  | Learned a level 3 spell: Conjure Flame
  4190 | Ossuary  | Reached XP level 6. HP: 21/53 MP: 0/11
  4654 | D:4      | Noticed an ogre
  4662 | D:4      | Killed an ogre
  4691 | D:4      | Noticed an ogre
  4700 | D:4      | Killed an ogre
  4700 | D:4      | Reached skill level 5 in Conjurations
  4963 | D:4      | Reached XP level 7. HP: 59/59 MP: 9/12
  5025 | D:4      | Banished Edmund
  5257 | D:4      | Noticed an ogre
  5308 | D:4      | Killed an ogre
  5308 | D:4      | Reached skill level 6 in Conjurations
  5603 | D:4      | Noticed an ogre
  5619 | D:4      | Killed an ogre
  5619 | D:4      | Reached skill level 1 in Fighting
  5619 | D:4      | Reached skill level 1 in Maces & Flails
  6111 | D:5      | Entered Level 5 of the Dungeon
  6124 | D:5      | Found Odghahoeng's General Store.
  6148 | D:5      | Bought a scroll of teleportation for 36 gold pieces
  6162 | D:5      | Reached XP level 8. HP: 67/74 MP: 6/14
  6242 | D:5      | Found a staircase to the Ecumenical Temple.
  6257 | D:5      | Noticed Grinder
  6262 | Temple   | Entered the Ecumenical Temple
  6448 | Temple   | Became a worshipper of Vehumet
  6866 | D:5      | Killed Grinder
  6866 | D:5      | Reached skill level 5 in Spellcasting
  7066 | D:5      | Found a burning altar of Makhleb.
  7663 | D:6      | Reached skill level 1 in Translocations
  7932 | D:6      | Acquired Vehumet's first power
  7932 | D:6      | Offered knowledge of Sandblast by Vehumet.
  7932 | D:6      | Reached skill level 5 in Maces & Flails
  8625 | D:6      | Reached skill level 5 in Fighting
  8625 | D:6      | Reached XP level 9. HP: 73/88 MP: 12/17
  9106 | D:7      | Found a shadowy altar of Dithmenos.
  9174 | D:7      | Reached skill level 1 in Air Magic
  9430 | D:7      | Noticed a hill giant
  9459 | D:7      | Killed a hill giant
 10385 | D:8      | Reached skill level 7 in Maces & Flails
 10681 | D:8      | Found a shimmering altar of Xom.
 10681 | D:8      | Found a glowing silver altar of Zin.
 10681 | D:8      | Noticed an angel
 10715 | D:8      | Noticed Maurice
 11080 | D:8      | Offered knowledge of Shock by Vehumet.
 11080 | D:8      | Reached XP level 10. HP: 102/102 MP: 14/20
 11174 | D:8      | Found a white marble altar of Elyvilon.
 12386 | D:9      | Found a staircase to the Lair.
 12460 | D:9      | Found a staircase to the Orcish Mines.
 12657 | D:9      | Got an iridescent rapier
 12746 | D:9      | Reached skill level 8 in Maces & Flails
 13142 | D:9      | Offered knowledge of Throw Flame by Vehumet.
 13540 | D:9      | Acquired Vehumet's second power
 13727 | D:9      | Found a deep blue altar of Sif Muna.
 14134 | Lair:1   | Entered Level 1 of the Lair of Beasts
 14232 | Lair:1   | Reached skill level 5 in Air Magic
 14772 | Lair:1   | Reached skill level 9 in Maces & Flails
 15408 | Lair:1   | Learned a level 4 spell: Airstrike
 15481 | Lair:1   | Reached XP level 11. HP: 22/113 MP: 18/23
 17917 | Lair:1   | Offered knowledge of Stone Arrow by Vehumet.
 19874 | Lair:1   | Reached skill level 10 in Maces & Flails
 19986 | Lair:2   | Noticed a four-headed hydra
 19996 | Lair:2   | Killed a four-headed hydra
 20082 | Lair:2   | Reached skill level 10 in Fighting
 20200 | Lair:2   | Found a glowing silver altar of Zin.
 20340 | Lair:2   | Noticed a seven-headed hydra
 20678 | Lair:1   | Reached XP level 12. HP: 82/126 MP: 13/25
 20766 | Lair:2   | Reached skill level 10 in Spellcasting
 20950 | Lair:2   | Acquired Vehumet's third power
 21329 | Lair:2   | Killed a seven-headed hydra
 21549 | Lair:2   | Offered knowledge of Fireball by Vehumet.
 21788 | Lair:2   | Learned a level 5 spell: Fireball
 22335 | Lair:2   | Reached skill level 1 in Fire Magic
 23329 | Lair:3   | Noticed a seven-headed hydra
 24205 | Lair:3   | Noticed Snorg
 24206 | Lair:3   | Learned a level 4 spell: Summon Lightning Spire
 24287 | Lair:3   | Got a coiled marble ring
 24289 | Lair:3   | Identified the ring "Fiweoh" {rN+ Slay+3} (You found it on level 3 of the Lair of Beasts)
 24683 | Lair:3   | Reached skill level 1 in Summonings
 24721 | Lair:3   | Killed a seven-headed hydra
 25687 | Lair:3   | Offered knowledge of Sticky Flame by Vehumet.
 25695 | Lair:3   | Learned a level 4 spell: Sticky Flame
 25739 | Lair:3   | Reached skill level 5 in Dodging
 25874 | Lair:3   | Killed Snorg
 25881 | Lair:3   | Reached XP level 13. HP: 120/135 MP: 19/27
 26102 | Lair:3   | Reached skill level 1 in Armour
 27199 | Lair:4   | Identified the Disquisition on Fire
 27897 | Lair:4   | Learned a level 2 spell: Stoneskin
 28888 | Lair:5   | Reached skill level 11 in Fighting
 29014 | Lair:5   | Found a staircase to the Snake Pit.
 29236 | Lair:5   | Learned a level 3 spell: Ignite Poison
 29552 | Lair:5   | Gained mutation: Scrolls take you a little longer to read. [potion of mutation]
 29552 | Lair:5   | Gained mutation: [Armour fits poorly on your strangely shaped body.] [potion of mutation]
 29552 | Lair:5   | Gained mutation: Your muscles are strong. (Str +2) [potion of mutation]
 29553 | Lair:5   | Gained mutation: You are agile. (Dex +2) [potion of mutation]
 29553 | Lair:5   | Gained mutation: [Your body sometimes deteriorates upon taking damage.] [potion of mutation]
 29553 | Lair:5   | Gained mutation: You are resistant to hostile enchantments. [potion of mutation]
 29554 | Lair:5   | Lost mutation: [Your body sometimes deteriorates upon taking damage.] [potion of cure mutation]
 29554 | Lair:5   | Lost mutation: Scrolls take you a little longer to read. [potion of cure mutation]
 29554 | Lair:5   | Lost mutation: You are agile. (Dex +2) [potion of cure mutation]
 29554 | Lair:5   | Lost mutation: [Armour fits poorly on your strangely shaped body.] [potion of cure mutation]
 29559 | Lair:5   | Identified the +8 rapier of Disgust {pierce, Int+7} (You found it on level 9 of the Dungeon)
 30280 | Lair:6   | Reached skill level 1 in Transmutations
 30346 | Lair:6   | Found a staircase to the Shoals.
 31316 | Lair:6   | Identified a scroll of acquirement
 31494 | Lair:7   | Got a crystal dire flail
 31498 | Lair:7   | Identified the +7 dire flail of Moderation {crush, rElec rC- Str+9 Dex+3} (You found it on level 7 of the Lair of Beasts)
 31717 | Lair:7   | Reached skill level 1 in Shields
 32531 | Lair:6   | Reached XP level 14. HP: 146/146 MP: 29/29
 32599 | Lair:7   | Reached skill level 5 in Fire Magic
 32612 | Lair:7   | Reached skill level 5 in Shields
 32612 | Lair:7   | Reached XP level 15. HP: 134/153 MP: 8/30
 33036 | Lair:7   | Found a blossoming altar of Fedhas.
 33255 | Lair:8   | Entered Level 8 of the Lair of Beasts
 33894 | Lair:8   | Offered knowledge of Force Lance by Vehumet.
 35083 | Lair:8   | Found a runed door.
 35083 | Lair:8   | Found a viscous altar of Jiyva.
 35087 | Lair:8   | Found a staircase to the Slime Pits.
 36752 | Orc:1    | Entered Level 1 of the Orcish Mines
 37570 | Orc:2    | Offered knowledge of Delayed Fireball by Vehumet.
 37595 | Orc:2    | Learned a level 7 spell: Delayed Fireball
 37856 | Orc:2    | Found a roughly hewn altar of Beogh.
 38991 | Orc:3    | Offered knowledge of Poison Arrow by Vehumet.
 39134 | Orc:2    | Learned a level 6 spell: Poison Arrow
 39322 | Orc:3    | Found Tyduu's Food Shop.
 39335 | Orc:3    | Found a staircase to the Elven Halls.
 39924 | Orc:4    | Entered Level 4 of the Orcish Mines
 39927 | Orc:4    | Reached skill level 1 in Poison Magic
 40653 | Orc:4    | Found Gotiy's Jewellery Shop.
 42075 | Orc:4    | Found Fufeux's Jewellery Shop.
 42075 | Orc:4    | Found Ruiliv's Food Emporium.
 42077 | Orc:4    | Found Imesh's Antique Armour Shop.
 42077 | Orc:4    | Found Ufugas's Antique Weapon Emporium.
 42091 | Orc:4    | Bought a glowing robe for 19 gold pieces
 42091 | Orc:4    | Bought a glowing robe for 19 gold pieces
 42251 | Orc:1    | Offered knowledge of Orb of Destruction by Vehumet.
 42440 | Snake:1  | Entered Level 1 of the Snake Pit
 42764 | Orc:4    | Bought the ring "Hebochess" {*Contam +Fly rElec rC+ Slay+2} for 536 gold pieces
 42764 | Orc:4    | Bought an uncursed amulet of regeneration for 390 gold pieces
 42764 | Orc:4    | Bought an uncursed ring of poison resistance for 260 gold pieces
 43358 | Lair:5   | Reached XP level 16. HP: 98/162 MP: 31/31
 44256 | Snake:1  | Noticed Agnes
 44272 | Snake:1  | Killed Agnes
 45464 | Orc:4    | Bought an uncursed ring of wizardry for 330 gold pieces
 46540 | Snake:2  | Found Monum's Gadget Emporium.
 47082 | Snake:3  | Noticed Norris
 47361 | Snake:4  | Entered Level 4 of the Snake Pit
 48479 | Shoals:1 | Entered Level 1 of the Shoals
 48847 | Shoals:1 | Found Xeewo's Food Shoppe.
 48923 | Shoals:1 | Got a polished whip
 48925 | Shoals:1 | Identified the +1 whip "Gesmywul" {drain, Str+2} (You found it on level 1 of the Shoals)
 49826 | Shoals:1 | Upgraded the game from 0.17-a0-1842-gacc33f2 to 0.17-a0-1850-g688e747
 50541 | Shoals:2 | Offered knowledge of Spellforged Servitor by Vehumet.
 50541 | Shoals:2 | Reached skill level 10 in Conjurations
 51265 | Shoals:2 | Reached XP level 17. HP: 125/170 MP: 24/32
 51710 | Shoals:2 | Learned a level 2 spell: Sublimation of Blood
 51714 | Shoals:2 | Learned a level 3 spell: Regeneration
 53366 | Shoals:4 | Entered Level 4 of the Shoals
 53914 | Shoals:3 | Reached skill level 10 in Fire Magic
 57298 | Shoals:4 | Noticed Mara
 57323 | Shoals:4 | Noticed derrpe's illusion
 57770 | Elf:1    | Entered Level 1 of the Elven Halls
 58009 | Elf:1    | Offered knowledge of Ozocubu's Refrigeration by Vehumet.
 58567 | Elf:1    | Found Vibur's Food Shoppe.
 59418 | Elf:1    | Got a scorched tin amulet
 59423 | Elf:1    | Identified the amulet of Psychosis {Ward rElec rN+ Dex+3} (You took it off a deep elf fighter on level 1 of the Elven Halls)
 59684 | Elf:1    | Reached skill level 12 in Conjurations
 59684 | Elf:1    | Reached XP level 18. HP: 179/179 MP: 17/33
 60049 | Elf:1    | Found a deep blue altar of Sif Muna.
 60556 | Elf:1    | Learned a level 1 spell: Summon Butterflies
 60903 | Elf:1    | Cast into the Abyss (a deep elf sorcerer)
 61315 | Abyss:1  | Paralysed by accursed screaming for 1 turns
 61318 | Abyss:1  | HP: 2/179 [starcursed mass/accursed screaming (12)]
 61322 | Abyss:1  | Killed from afar by a starcursed mass

Vault maps used:
D:1:      onia_arrival_handbag
D:2:      grunt_temple_overflow_diamond
D:3:      grunt_temple_overflow_growth_and_decay, first_bread
D:4:      gup_ossuary_entry_pyramid, uniq_edmund
D:5:      makhleb_blood_cavern_becter, minmay_temple_entry_trees, serial_shops,
          shop, uniq_grinder
D:7:      nicolae_dithmenos_the_darkroom, the_bakery
D:8:      nicolae_overflow_hidden_temple,
          grunt_temple_overflow_order_and_chaos_1, minmay_strange_pillars,
          uniq_maurice
D:9:      lemuel_round_altar, minmay_lair_entry_lava, orc_0_dummy
Temple:   grunt_temple_mini_profane_8
Lair:1:   minmay_hedge_maze
Lair:2:   lemuel_slime, basic_altar, grunt_megastairs_3
Lair:3:   beast_lair_carwin_6, uniq_snorg
Lair:5:   minmay_snake_entry_guardpost_small
Lair:6:   boulder_dual_corridor_run, minmay_shoals_entry_lonely_mermaid
Lair:7:   gammafunk_lair_bear_cave, tgw_fedhas
Lair:8:   hangedman_lair_caniforms_friends, hangedman_lair_tendril_chambers,
          slime_altar_2, grunt_megastairs_2
Shoals:1: serial_shops, nicolae_shop_behind_doors
Shoals:4: shoals_end_simple, shoals_ilsuiw_alternative, uniq_mara
Snake:1:  serial_bayou_shore_a, uniq_agnes
Snake:2:  serial_shops, shop, spider_trap, serial_bayou_shore_b,
          lemuel_fruit_tree, basic_stair_grate_trap
Snake:3:  library_closet, uniq_norris
Snake:4:  grunt_snake_rune_pools, serial_shops, nicolae_shop_window_shopping,
          serial_bayou_shore_b
Orc:2:    basic_altar, minmay_orc_barracks
Orc:3:    serial_shops, shop, nicolae_orc_pool_cavern
Orc:4:    grunt_orc_tribal_feast, serial_shops, nicolae_shop_trees,
          nicolae_orc_rich_vein
Elf:1:    eino_elf_arrival_sip, serial_shops, nicolae_shop_window_shopping,
          hangedman_elven_crosses_minicolossus, hangedman_summoners_spam
Ossuary:  ossuary_tomb_3

Action                   |  1- 3 |  4- 6 |  7- 9 | 10-12 | 13-15 | 16-18 || total
-------------------------+-------+-------+-------+-------+-------+-------++-------
Melee: Unarmed           |     4 |       |       |       |       |       ||     4
       Whip              |    15 |    53 |   101 |   297 |   287 |   764 ||  1517
       Rapier            |       |       |       |       |    47 |    21 ||    68
       Dire flail        |       |       |       |       |   179 |     8 ||   187
       Staff             |       |       |       |       |    48 |     3 ||    51
Throw: Large rock        |       |       |       |       |       |    19 ||    19
       Throwing net      |       |       |       |       |       |     1 ||     1
 Cast: Magic Dart        |    90 |   153 |   347 |   923 |   425 |    15 ||  1953
       Repel Missiles    |       |     1 |       |     1 |     3 |     6 ||    11
       Mephitic Cloud    |       |     2 |     5 |    45 |    57 |    24 ||   133
       Conjure Flame     |       |       |     3 |    10 |    11 |       ||    24
       Airstrike         |       |       |       |   103 |    97 |   104 ||   304
       Blink             |       |       |       |     6 |     4 |     8 ||    18
       Summon Lightning  |       |       |       |    15 |   133 |    83 ||   231
       Fireball          |       |       |       |    10 |    53 |   242 ||   305
       Sticky Flame      |       |       |       |       |    64 |       ||    64
       Stoneskin         |       |       |       |       |    45 |    38 ||    83
       Ignite Poison     |       |       |       |       |    13 |       ||    13
       Poison Arrow      |       |       |       |       |       |    54 ||    54
       Sublimation of Bl |       |       |       |       |       |     7 ||     7
       Regeneration      |       |       |       |       |       |     4 ||     4
Evoke: Wand              |       |       |       |     6 |     1 |    10 ||    17
       Deck              |       |       |       |       |       |     3 ||     3
  Use: Potion            |       |     1 |       |     1 |    14 |    19 ||    35
       Scroll            |       |     8 |     8 |     7 |    22 |    28 ||    73
 Stab: Confused          |       |       |     1 |     8 |     3 |     2 ||    14
       Distracted        |       |       |       |       |     6 |     6 ||    12
       Invisible         |       |       |       |       |       |     1 ||     1
       Held in net/web   |       |       |       |       |       |     1 ||     1
  Eat: Chunk             |     2 |     6 |    30 |    61 |    71 |    70 ||   240
       Meat ration       |       |     1 |       |       |       |     3 ||     4
       Beef jerky        |       |       |       |       |       |     7 ||     7
       Royal jelly       |       |       |       |       |       |     2 ||     2
       Fruit             |       |       |       |       |       |     1 ||     1
       Pizza             |       |       |       |       |       |     1 ||     1
